 Dungeon Crawl Stone Soup version 0.27-a0-1559-g299f9947c5 (webtiles) character file.

Game seed: 16134609309033017729

394 HAL9000 the Changer (level 6, -5/45 (47) HPs)
             Began as a Draconian Transmuter on July 16, 2021.
             Slain by a wight (8 damage)
             ... on level 4 of the Dungeon.
             The game lasted 00:04:47 (4330 turns).

HAL9000 the Changer (Draconian Transmuter)          Turns: 4330, Time: 00:04:48

HP:   -5/45 (47)    AC:  2    Str: 12    XL:     6   Next: 52%
MP:   7/9           EV: 19    Int: 15    God:
Gold: 166           SH:  0    Dex: 17    Spells: 3/9 levels left

rFire    . . .     SeeInvis .     - Unarmed
rCold    . . .     Faith    .   (shield currently unavailable)
rNeg     + . .     Spirit   .   (armour unavailable)
rPois    x         Reflect  .   (helmet currently unavailable)
rElec    .         Harm     .   (cloak currently unavailable)
rCorr    .         Rampage  .   (gloves currently unavailable)
Will     .....                  (boots currently unavailable)
Stlth    ++........             (no amulet)
HPRegen  0.15/turn              b - ring of positive energy
MPRegen  0.11/turn              c - ring of flight

@: spider-form (expiring), flying, lightly drained
A: venomous fangs, AC +6, tiny, unfitting armour, (cold-blooded)
a: End Transformation


You were on level 4 of the Dungeon.
You were a venomous arachnid creature.
You visited 1 branch of the dungeon, and saw 4 of its levels.

You collected 166 gold pieces.

Inventory:

Missiles
 a - 9 boomerangs (quivered)
Armour
 i - a +2 pair of gloves (melded)
Jewellery
 b - a ring of positive energy (left front leg)
 c - a ring of flight (right front leg)
 f - an amulet of faith
Wands
 w - a wand of flame (15)
 x - a wand of paralysis (5)
Scrolls
 d - 3 scrolls of blinking {unknown}
 g - 2 scrolls of identify {unknown}
 k - 3 scrolls of teleportation {unknown}
 l - a scroll of magic mapping {unknown}
 m - a scroll of fog {unknown}
 o - a scroll of acquirement {unknown}
 p - a scroll of silence {unknown}
 q - a scroll of enchant weapon {unknown}
 s - a scroll of fear {unknown}
 v - a scroll of immolation {unknown}
 y - a scroll of holy word {unknown}
Potions
 e - 2 potions of attraction {unknown}
 h - a potion of curing {unknown}
 j - a potion of cancellation {unknown}
 n - a potion of might {unknown}
 r - a potion of brilliance {unknown}
 t - a potion of resistance {unknown}
 u - a potion of heal wounds {unknown}


   Skills:
 - Level 1.1 Fighting
 - Level 1.7 Dodging
 - Level 3.0 Unarmed Combat
 - Level 2.0 Spellcasting
 + Level 7.1 Transmutations


You had 3 spell levels left.
You knew the following spells:

 Your Spells              Type           Power      Damage    Failure   Level
a - Beastly Appendage     Tmut           44%        N/A       6%          1
b - Wereblood             Tmut           22%        N/A       8%          2
c - Spider Form           Tmut/Pois      6%         N/A       34%         3

Your spell library contained the following spells:

 Spells                   Type           Power      Damage    Failure   Level
 Ice Form                 Ice/Tmut       12%        N/A       67%         4


Dungeon Overview and Level Annotations

Branches:
Dungeon (4/15)
 Temple: D:4-7

Altars:

Shops:
D:3 =


Innate Abilities, Weirdness & Mutations

You are a venomous arachnid creature.
You have poisonous fangs.
You are tiny and dextrous.
Your spellcasting is less reliable in this form.
Your armour is entirely melded.
You are incapable of wielding weapons or throwing items.
((Your plain brown scales are hard. (AC +6)))
You cannot fit into any form of body armour.
((You are cold-blooded and may be slowed by cold attacks.))


Message History

You hit the wight.
The wight is moderately damaged.
The wight completely misses you.
You hit the wight.
The wight is moderately damaged.
The wight closely misses you.
You hit the wight but do no damage.
The wight is moderately damaged.
The wight barely misses you.
You hit the wight.
The wight is moderately damaged.
The wight barely misses you.
You hit the wight but do no damage.
The wight is moderately damaged.
The wight barely misses you.
You hit the wight.
The wight is heavily damaged.
The wight misses you.
You hit the wight but do no damage.
The wight is heavily damaged.
The wight closely misses you.
You hit the wight but do no damage.
The wight is heavily damaged.
The wight hits you with a +4 morningstar of freezing!
The wight freezes you.
You barely miss the wight.
The wight is heavily damaged.
Your transformation is almost over.
The wight misses you.
You hit the wight but do no damage.
The wight is heavily damaged.
The wight misses you.
You hit the wight but do no damage.
The wight is heavily damaged.
The wight hits you with a +4 morningstar of freezing!!
* * * LOW HITPOINT WARNING * * *
You partially resist.
You feel drained.
* * * LOW HITPOINT WARNING * * *
The wight freezes you!
You die...

############## +.+ #.............
#.# #####)####.### ###### +.+ #.#
#.# # .....#### #.# #.# #.###
........## +.+ #.# #^##.
.≈###..... #.### #.# #....
≈#...#.## +.z.# #.# ####.
≈#.⌠.#.# #######s### #.# ##
≈#...#.##....#.'.'.#####.########
≈≈###.....# ###.####............
≈≈≈....#..#### #'####.###.#######
≈≈≈..........# #.#8#.># #.# ##..
≈≈###...#.#.## #.#.#### #.####..#
≈#...#.##.#.# #....#####.(##....
≈#.⌠.#....#.# #..........##....#
≈#..†#.####.# ##...#######......


You could see a wight.

Vanquished Creatures
  A black bear (D:4)
  A necrophage (D:4)
  An iguana (D:4)
  Terence (D:2)
  A hound skeleton (D:4)
  A mummy (D:4)
  7 adders
  An adder zombie (D:4)
  2 dart slugs (D:3)
  5 orcs
  3 endoplasms
  3 giant cockroaches
  6 goblins
  5 hobgoblins
  6 jackals
  2 quokkas
  8 ball pythons
  5 bats
  4 frilled lizards
  6 kobolds
  5 rats
74 creatures vanquished.

Notes
Turn   | Place    | Note
-------+----------+-------------------------------------------
     0 | D:1      | HAL9000 the Draconian Transmuter began the quest for the
                  | Orb.
     0 | D:1      | Reached XP level 1. HP: 16/16 MP: 3/3
   284 | D:1      | Reached XP level 2. HP: 21/23 MP: 3/5
   361 | D:1      | Reached skill level 3 in Transmutations
   662 | D:1      | Noticed a shining eye
   671 | D:1      | Noticed a great orb of eyes
   673 | D:1      | Found a faded altar of an unknown god.
   755 | D:1      | Noticed an eye of devastation
   755 | D:1      | Noticed a floating eye
  1199 | D:2      | Reached XP level 3. HP: 19/28 MP: 4/6
  1499 | D:2      | Noticed Terence
  1522 | D:2      | Killed Terence
  1523 | D:2      | Reached skill level 4 in Transmutations
  1527 | D:2      | Learned a level 2 spell: Wereblood
  1531 | D:2      | Learned a level 3 spell: Spider Form
  1835 | D:2      | Reached XP level 4. HP: 32/35 MP: 5/7
  2180 | D:3      | Found Uvvuc's Jewellery Shop.
  2830 | D:4      | Reached skill level 5 in Transmutations
  2924 | D:4      | Reached XP level 5. HP: 27/40 MP: 8/8
  3495 | D:4      | Noticed a black bear
  3509 | D:4      | Killed a black bear
  3510 | D:4      | Reached skill level 6 in Transmutations
  3510 | D:4      | Reached XP level 6. HP: 21/47 MP: 6/9
  3867 | D:4      | Reached skill level 7 in Transmutations
  4330 | D:4      | Slain by a wight

Illustrated notes

Levels and vault maps discovered:
D:1:      saegor_arrival_simple_c, layout_rooms,
          hellmonk_ecumenical_altar_watching_god
D:2:      layout_basic, uniq_terence
D:3:      layout_basic, serial_shops, shop
D:4:      kennysheep_spiral_hall, layout_loops_ring,
          lemuel_mausoleum_altar_yredelemnul, hangedman_decor_opposing,
          chequers_mini_garden, fountainhead, st_stairs_7

Skill      XL: |  1  2  3  4  5  6 |
---------------+-------------------+-----
Transmutations | 3 4 5 6 7 |  7.1
Fighting       | |  1.1
Dodging        | |  1.7
Unarmed Combat | |  3.0
Spellcasting   | |  2.0

Action                   |  1- 3 |  4- 6 || total
-------------------------+-------+-------++-------
Melee: Unarmed           |    91 |   180 ||   271
       Kick              |    12 |    19 ||    31
       Tailslap          |     7 |    12 ||    19
       Headbutt          |     5 |    14 ||    19
       Punch             |     3 |       ||     3
Throw: Boomerang         |     4 |       ||     4
 Cast: Beastly Appendage |    22 |    17 ||    39
       Spider Form       |       |     8 ||     8
       Wereblood         |       |     1 ||     1
 Stab: Sleeping          |       |     1 ||     1
Armor: Skin              |    23 |    37 ||    60
Dodge: Dodged            |    63 |   127 ||   190

Table legend: (Time is in decaauts)
 A = Elapsed time spent in this place.
 B = Non-inter-level travel time spent in this place.
 C = Inter-level travel time spent in this place.
 D = Time resting spent in this place.
 E = Time spent auto-exploring this place.
 F = Levels seen in this place.
 G = Mean time per level.
                   A        B        C        D        E       F      G
               +--------+--------+--------+--------+--------+-----+--------+
         Total |   4314 |   4200 |    114 |    879 |   2692 |   4 | 1078.5 |
       Dungeon |   4314 |   4200 |    114 |    879 |   2692 |   4 | 1078.5 |
               +--------+--------+--------+--------+--------+-----+--------+

Top non-repeatable levels by time:
     D:4: 1568 daAuts
     D:2: 1219 daAuts
     D:1: 830 daAuts
     D:3: 696 daAuts
